 Dungeon Sprint DCSS version 0.26-a0-652-gafc20e3620 (webtiles) character file.

Game seed: 4749921758710099842

16655 sahdkjhfkaj the Acrobat (level 12, -15/119 HPs)
             Began as a Merfolk Gladiator on Oct 2, 2020.
             Was the Champion of the Shining One.
             Killed from afar by Meolist the pandemonium lord (35 damage)
             ... with a bolt of acid
             ... in the Dungeon (Sprint VII: "The Pits").
             The game lasted 00:08:00 (3715 turns).

sahdkjhfkaj the Acrobat (Merfolk Gladiator)         Turns: 3715, Time: 00:08:02

Health: -15/119    AC:  9    Str: 18    XL:     12   Next: 39%
Magic:  7/21       EV: 16    Int:  9    God:    the Shining One [******]
Gold:   42         SH:  0    Dex: 15    Spells: 11/11 levels left

rFire    . . .     SeeInvis +   t - +2 halberd (venom)
rCold    + . .     Faith    .   (shield currently unavailable)
rNeg     + + +     Spirit   .   o - +2 plate armour
rPois    .         Reflect  .   f - +0 hat {SInv}
rElec    .         Harm     .   u - +0 cloak
rCorr    .         Rampage  .   b - +0 pair of gloves
MR       +....     NoTele   +   v - +0 pair of boots
Stlth    ..........             (no amulet)
HPRegen  0.29/turn              x - ring of protection from cold
MPRegen  0.17/turn              y - ring of protection from magic

@: lethally poisoned (-15 -> -44), corroded, glowing
A: change form in water, swift swim, stealthy swim
a: Divine Shield, Cleansing Flame, Summon Divine Warrior, Brand Weapon With Holy
Wrath, Renounce Religion


You were in the Dungeon.
You worshipped the Shining One.
The Shining One was exalted by your worship.
You visited 1 branch You collected 42 gold pieces.

Inventory:

Hand Weapons
 t - a +2 halberd of venom (weapon)
Missiles
 d - 5 throwing nets (quivered)
Armour
 b - a +0 pair of gloves (worn)
 c - a +0 helmet
 f - a +0 hat of see invisible (worn)
 o - a +2 plate armour (worn)
 u - a +0 cloak (worn)
 v - a +0 pair of boots (worn)
Jewellery
 k - a +3 ring of protection
 p - a +3 ring of strength
 x - a ring of protection from cold (left hand)
 y - a ring of protection from magic (right hand)
Scrolls
 a - 3 scrolls of remove curse
 j - 4 scrolls of blinking
 l - 5 scrolls of amnesia
 m - a scroll of summoning
 n - 2 scrolls of vulnerability
 w - 6 scrolls of identify
 A - 2 scrolls of fear
 B - 2 scrolls of fog
 D - 2 scrolls of enchant armour
Potions
 e - 11 potions of curing
 g - a potion of haste
 h - 4 potions of magic
 i - 3 potions of berserk rage
 q - 2 potions of resistance
 r - 2 potions of mutation
 s - a potion of might
 z - 5 potions of heal wounds
 C - a potion of brilliance


   Skills:
 + Level 19.1 Fighting
 - Level 15.5 Polearms
 - Level 2.0 Throwing
 - Level 5.0 Armour
 + Level 22.1 Dodging
 - Level 12.0 Invocations


You had 11 spell levels left.
You didn't know any spells.
Your spell library was empty.

Dungeon Overview and Level Annotations

Branches:
Dungeon (1/1)

Altars:
Ashenzari
Cheibriados
Dithmenos
Elyvilon
Fedhas
Gozag
Hepliaklqana
Kikubaaqudgha
Makhleb
Nemelex Xobeh
Okawaru
Qazlal
Ru
Sif Muna
Trog
Uskayaw
Vehumet
Wu Jian
Xom
Yredelemnul
Zin
The Shining One
Beogh
Jiyva
Lugonu


Message History

Meolist is severely wounded.
Meolist misses you. The redback bites your daeva! The redback bites you!
* * * LOW HITPOINT WARNING * * *
You are lethally poisoned!
The redback poisons you!
Unknown command.
You feel much better.
You feel very sick. Meolist hits you!
* * * LOW HITPOINT WARNING * * *
The hell rat bites you.
* * * LOW HITPOINT WARNING * * *
The redback bites your daeva.
Your daeva hits the redback with a +2 scimitar of holy wrath! x2
The redback dies!
The redback's corpse disappears in a puff of smoke!
The redback closely misses you. Meolist gestures at you.
The bolt of acid hits you!!
You die...

#+# #.# #'#
#################§#
...............s&A#
.......(.....)†r@.#
++##############..#
#..# #..# #..# #..#
#..# #..# #..#


You could see Meolist, a redback (summoned), a hell rat (summoned) and a
friendly daeva (summoned).

Vanquished Creatures
  Gastronok (D)
  A death cob (D)
  Harold (D)
  An anaconda (D)
  A centaur warrior (D)
  A hell hog (D)
  A shadow wraith (D)
  2 phantasmal warriors (D)
  An orc knight (D)
  2 manticores (D)
  A merfolk siren (D)
  A gargoyle (D)
  A cane toad (D)
  A molten gargoyle (D)
  An orange demon (D)
  A rime drake (D)
  An efreet (D)
  A guardian mummy (D)
  2 trolls (D)
  A merfolk (D)
  A polar bear (D)
  6 dream sheep (D)
  A flying skull (D)
  A shadow (D)
  A ynoxinul (D)
  A wyvern (D)
  2 wargs (D)
  An acid dragon (D)
  A floating eye (D)
  3 hell hounds (D)
  3 orc warriors (D)
  3 eyes of draining (D)
  2 necrophages (D)
  A phantom (D)
  A centaur (D)
  A gnoll sergeant (D)
  3 killer bees (D)
  5 wights (D)
  2 quasits (D)
  A jelly (D)
  An orc wizard (D)
  A worker ant (D)
  2 iguanas (D)
  3 gnolls (D)
  3 adders (D)
  A white imp (D)
  An ufetubus (D)
  A leopard gecko (D)
  6 orcs (D)
  2 giant cockroaches (D)
  A goblin (D)
  A hobgoblin (D)
  A ball python simulacrum (D)
  A ball python skeleton (D)
  A kobold (D)
  A leopard gecko skeleton (D)
  A leopard gecko zombie (D)
91 creatures vanquished.

Vanquished Creatures (collateral kills)
  Ilsuiw (D)
  3 hell hogs (D)
  A wizard (D)
  A komodo dragon (D)
  An efreet (D)
  A guardian mummy (D)
  A merfolk (D)
  A troll (D)
  A centaur (D)
  A quasit (D)
  An orc priest (D)
13 creatures vanquished.

Vanquished Creatures (others)
  2 orcs (D)
2 creatures vanquished.

Grand Total: 106 creatures vanquished

Notes
Turn   | Place    | Note
-------+----------+-------------------------------------------
     0 | D        | sahdkjhfkaj the Merfolk Gladiator began the quest for the
                  | Orb.
     0 | D        | Reached XP level 1. HP: 16/16 MP: 1/1
    18 | D        | Reached skill level 5 in Polearms
    18 | D        | Reached skill level 1 in Armour
    18 | D        | Reached XP level 2. HP: 17/23 MP: 2/2
   148 | D        | Found a bloodstained altar of Trog.
   148 | D        | Found a shimmering blue altar of Sif Muna.
   148 | D        | Found a viscous altar of Jiyva.
   148 | D        | Found a hazy altar of Hepliaklqana.
   148 | D        | Found an opulent altar of Gozag.
   149 | D        | Found a glowing golden altar of the Shining One.
   149 | D        | Found a glowing silver altar of Zin.
   149 | D        | Found a basalt altar of Yredelemnul.
   149 | D        | Found a shimmering altar of Xom.
   149 | D        | Found an ornate altar of the Wu Jian Council.
   149 | D        | Found a sacrificial altar of Ru.
   149 | D        | Found a stormy altar of Qazlal.
   149 | D        | Found an iron altar of Okawaru.
   149 | D        | Found a sparkling altar of Nemelex Xobeh.
   149 | D        | Found a burning altar of Makhleb.
   149 | D        | Found a blossoming altar of Fedhas.
   149 | D        | Found a white marble altar of Elyvilon.
   149 | D        | Found a shadowy altar of Dithmenos.
   149 | D        | Found a snail-covered altar of Cheibriados.
   150 | D        | Found a radiant altar of Vehumet.
   150 | D        | Found a corrupted altar of Lugonu.
   150 | D        | Found a roughly hewn altar of Beogh.
   151 | D        | Found an ancient bone altar of Kikubaaqudgha.
   151 | D        | Found a hide-covered altar of Uskayaw.
   151 | D        | Found a broken altar of Ashenzari.
   154 | D        | Became a worshipper of the Shining One
   192 | D        | Reached * piety under the Shining One
   208 | D        | Reached ** piety under the Shining One
   212 | D        | Reached skill level 5 in Dodging
   212 | D        | Reached XP level 3. HP: 29/29 MP: 3/3
   281 | D        | Reached XP level 4. HP: 35/37 MP: 4/4
   355 | D        | Reached *** piety under the Shining One
   355 | D        | Noticed a flying skull
   355 | D        | Reached **** piety under the Shining One
   355 | D        | Noticed a gnoll sergeant
   357 | D        | Noticed a necrophage
   363 | D        | Reached skill level 6 in Dodging
   364 | D        | Reached skill level 1 in Invocations
   366 | D        | Reached ***** piety under the Shining One
   366 | D        | Reached XP level 5. HP: 43/43 MP: 4/6
   371 | D        | Reached skill level 5 in Fighting
   371 | D        | Reached skill level 10 in Polearms
   371 | D        | Reached skill level 7 in Dodging
   379 | D        | Reached XP level 6. HP: 46/52 MP: 5/8
   394 | D        | Killed a necrophage
   394 | D        | Reached skill level 8 in Dodging
   407 | D        | Killed a flying skull
   407 | D        | Reached skill level 9 in Dodging
   407 | D        | Reached skill level 5 in Invocations
   407 | D        | Reached XP level 7. HP: 35/60 MP: 9/11
   572 | D        | Reached ****** piety under the Shining One
   590 | D        | Reached skill level 5 in Armour
   633 | D        | Noticed a warg
   636 | D        | Reached skill level 10 in Dodging
   636 | D        | Reached XP level 8. HP: 66/68 MP: 13/13
   679 | D        | Noticed a molten gargoyle
   696 | D        | Killed a molten gargoyle
   696 | D        | Reached skill level 15 in Polearms
  1070 | D        | Noticed a cane toad
  1072 | D        | Noticed a ynoxinul
  1102 | D        | Killed a cane toad
  1102 | D        | Reached skill level 11 in Dodging
  1103 | D        | Reached XP level 9. HP: 56/78 MP: 13/15
  1107 | D        | Reached skill level 10 in Fighting
  1112 | D        | Reached skill level 12 in Dodging
  1197 | D        | Noticed a polar bear
  1207 | D        | Killed a polar bear
  1304 | D        | Noticed a manticore
  1321 | D        | Killed a manticore
  1321 | D        | Reached skill level 13 in Dodging
  1321 | D        | Reached skill level 10 in Invocations
  1498 | D        | Noticed a phantasmal warrior
  1508 | D        | Killed a phantasmal warrior
  1585 | D        | Noticed a shadow wraith
  1586 | D        | Killed a shadow wraith
  1586 | D        | Reached skill level 14 in Dodging
  1586 | D        | Reached XP level 10. HP: 89/89 MP: 18/18
  1821 | D        | Noticed a gargoyle
  1825 | D        | Reached skill level 15 in Dodging
  1833 | D        | Killed a gargoyle
  1898 | D        | Noticed a manticore
  1898 | D        | Noticed a phantasmal warrior
  1902 | D        | Killed a manticore
  1906 | D        | Killed a phantasmal warrior
  1906 | D        | Reached skill level 16 in Dodging
  2054 | D        | Noticed an orc knight
  2068 | D        | Killed an orc knight
  2078 | D        | Reached skill level 17 in Dodging
  2081 | D        | Noticed a wizard
  2081 | D        | Noticed a hell hog
  2081 | D        | Noticed a hell hog
  2081 | D        | Noticed a hell hog
  2081 | D        | Noticed a hell hog
  2099 | D        | Killed a hell hog
  2099 | D        | Reached XP level 11. HP: 54/101 MP: 9/20
  2101 | D        | Killed a hell hog
  2101 | D        | Reached skill level 15 in Fighting
  2104 | D        | Killed a hell hog
  2105 | D        | Killed a hell hog
  2105 | D        | Reached skill level 18 in Dodging
  2107 | D        | Killed a wizard
  2458 | D        | Noticed an anaconda
  2464 | D        | Noticed Gastronok
  2467 | D        | Killed an anaconda
  2485 | D        | Reached skill level 19 in Dodging
  2486 | D        | HP: 5/105 [Gastronok/the air (15)]
  2492 | D        | Killed Gastronok
  2893 | D        | Noticed Harold
  2917 | D        | Killed Harold
  2917 | D        | Reached skill level 20 in Dodging
  3080 | D        | Noticed a death cob
  3086 | D        | Killed a death cob
  3086 | D        | Reached XP level 12. HP: 62/116 MP: 5/21
  3269 | D        | Reached skill level 21 in Dodging
  3269 | D        | Noticed Ilsuiw
  3289 | D        | Killed Ilsuiw
  3595 | D        | Paralysed by a floating eye for 4 turns
  3609 | D        | Noticed a centaur warrior
  3621 | D        | Killed a centaur warrior
  3621 | D        | Reached skill level 22 in Dodging
  3702 | D        | Noticed Meolist the pandemonium lord
  3715 | D        | Killed from afar by Meolist the pandemonium lord

Illustrated notes

Levels and vault maps discovered:
D:        pitsprint [storerooms_1, entrance_room_1, metal_vault_5, armoury_2,
          mini_pit_1, grid_room_1, main_hall_1, silver_pit, the_coven_3,
          the_vestibule_1, steel_vault_3, golden_pit, hallway_of_sentries,
          crystal_vault_1, iron_vault_1, final_vault]

Skill      XL: |  1  2  3  4  5  6  7  8  9 10 11 12 |
---------------+-------------------------------------+-----
Polearms       | 5 6 8 9 10 13 14 15 | 15.5
Armour         | 1 2 3 4 5 |  5.0
Fighting       | 3 4 5 7 8 9 12 14 18 19 | 19.1
Dodging        | 5 6 7 9 10 11 14 17 20 22 | 22.1
Invocations    | 2 3 5 6 8 11 12 | 12.0
Throwing       | |  2.0

Action                   |  1- 3 |  4- 6 |  7- 9 | 10-12 || total
-------------------------+-------+-------+-------+-------++-------
Melee: Trident           |    35 |    45 |    68 |       ||   148
       Halberd           |       |       |    49 |   152 ||   201
Invok: Divine Shield     |       |       |     1 |     1 ||     2
       Cleansing Flame   |       |       |       |    12 ||    12
       Summon Divine War |       |       |       |     5 ||     5
  Use: Potion            |       |       |     4 |     6 ||    10
 Stab: Sleeping          |     1 |       |       |       ||     1
Armor: Leather armour    |     4 |       |       |       ||     4
       Plate armour      |       |    19 |    47 |    51 ||   117
Dodge: Dodged            |    21 |     7 |    47 |    79 ||   154
Block: Other             |       |       |     4 |     1 ||     5

Table legend: (Time is in decaauts)
 A = Elapsed time spent in this place.
 B = Non-inter-level travel time spent in this place.
 C = Inter-level travel time spent in this place.
 D = Time resting spent in this place.
 E = Time spent auto-exploring this place.
 F = Levels seen in this place.
 G = Mean time per level.
                   A        B        C        D        E       F      G
               +--------+--------+--------+--------+--------+-----+--------+
         Total |   3640 |   3505 |    135 |   2598 |      0 |   1 | 3640.0 |
       Dungeon |   3640 |   3505 |    135 |   2598 |      0 |   1 | 3640.0 |
               +--------+--------+--------+--------+--------+-----+--------+

Top non-repeatable levels by time:
       D: 3640 daAuts
